 Dungeon Crawl Stone Soup version 0.20.0-15-g7f486f2 (webtiles) character file.

47051 renl the Severer (level 14, -3/192 (193) HPs)
             Began as a Deep Dwarf Berserker on July 7, 2017.
             Was an Elder of Trog.
             Slain by a jumping spider (6 damage)
             ... on level 3 of the Lair of Beasts.
             The game lasted 01:15:39 (10872 turns).

renl the Severer (Deep Dwarf Berserker)            Turns: 10872, Time: 01:15:40

HP:   -3/192 (193)  AC: 15    Str: 30    XL:     14   Next: 7%
MP:   16/16         EV: 11    Int: 12    God:    Trog [****..]
Gold: 1018          SH:  0    Dex:  8    Spells: 13/13 levels left

rFire    + . .     SeeInvis .   a - +7 war axe of the Saviour {chop, rPois rN+ Int+3 Dex-4}
rCold    . . .     Gourm    .   (no shield)
rNeg     + + .     Faith    .   F - +1 chain mail {rF+}
rPois    +         Spirit   .   x - +0 helmet
rElec    .         Reflect  .   (no cloak)
rCorr    .         Harm     +   (no gloves)
MR       +++++                  (no boots)
Stlth    ..........             E - amulet of harm
Regen    1.0/turn               h - +1 ring of protection
MPRegen  0.2/turn               U - ring of protection from magic

@: berserking, lethally poisoned (-3 -> -26), non-regenerating, very quick
A: damage resistance, heal wounds, negative energy resistance 1, sense
surroundings 2, no regeneration
a: Heal Wounds, Berserk, Trog's Hand, Brothers in Arms, Burn Spellbooks,
Renounce Religion


You were on level 3 of the Lair of Beasts.
You worshipped Trog.
Trog was greatly pleased with you.
You were very hungry.

You visited 2 branches of the dungeon, and saw 14 of its levels.
You also visited: Sewer, Bailey and Volcano.

You collected 1018 gold pieces.

Inventory:

Hand Weapons
 a - the +7 war axe of the Saviour (weapon) {chop, rPois rN+ Int+3 Dex-4}
   (You found it on level 6 of the Dungeon)

   It inflicts extra damage upon your enemies.
   It affects your intelligence (+3).
   It affects your dexterity (-4).
   It protects you from poison.
   It protects you from negative energy.
Armour
 x - a +0 helmet (worn)
 y - a +2 buckler
 z - a +0 plate armour
 F - a +1 chain mail of fire resistance (worn)
Jewellery
 h - a +1 ring of protection (left hand)
 E - an amulet of harm (around neck)
 U - a ring of protection from magic (right hand)
Wands
 e - a wand of acid (4/15)
 n - a wand of iceblast (3/15)
 w - a wand of flame (26/48)
 C - a wand of flame (35/48)
 D - a wand of lightning (9/15)
 H - a wand of acid (5/15)
 J - a wand of digging (16/24)
 M - a wand of acid (6/15)
 O - a wand of flame (39/48)
 Q - a wand of lightning (4/15)
 R - a wand of polymorph (17/24)
 T - a wand of paralysis (11/24)
 V - a wand of confusion (30/48)
Scrolls
 i - 8 scrolls of remove curse
 j - 9 scrolls of identify
 l - 2 scrolls of recharging {unknown}
 p - 11 scrolls of teleportation
 s - 2 scrolls of fear
 A - 3 scrolls of fog
 B - 2 scrolls of holy word
 I - 2 scrolls of blinking
 S - 3 scrolls of enchant weapon
Potions
 d - 5 potions of might
 g - 5 potions of curing
 k - 2 potions of brilliance
 m - 3 potions of magic
 o - 5 potions of heal wounds
 r - a potion of ambrosia
 t - a potion of flight {unknown}
 u - 2 potions of berserk rage
 v - 5 potions of resistance
 L - 3 potions of agility
 N - a potion of mutation
 P - 2 potions of cancellation
Books
 X - a book of Misfortune

   Spells                             Type                      Level
   a - Confusing Touch                Hexes                        1
   b - Confuse                        Hexes                        3
   c - Gell's Gravitas                Translocation                3
   d - Petrify                        Transmutation/Earth          4
   e - Metabolic Englaciation         Hexes/Ice                    5
   f - Yara's Violent Unravelling     Hexes/Transmutation          5
   Trog disapproves of the use of such an item.
 Z - a book of Battle

   Spells                             Type                      Level
   a - Infusion                       Charms                       1
   b - Shroud of Golubria             Charms/Translocation         2
   c - Song of Slaying                Charms                       2
   d - Spectral Weapon                Hexes/Charms                 3
   e - Regeneration                   Charms/Necromancy            3
   Trog disapproves of the use of such an item.
Comestibles
 b - 14 meat rations
 c - 12 bread rations
 f - 7 royal jellies
 q - 15 fruits


   Skills:
 + Level 9.2 Fighting
 * Level 18.4 Axes
 + Level 10.7 Armour
 + Level 5.0 Dodging
 - Level 4.9 Shields
 + Level 3.2 Evocations


You had 13 spell levels left.
You didn't know any spells.

Dungeon Overview and Level Annotations

Branches:
Dungeon (11/15)            Temple (0/1) D:6            Lair (3/6) D:9
 Spider (0/4) Lair:3          Orc (0/2) D:11
  Swamp: Lair:2-4    Shoals: Lair:2-4

Altars:
Ashenzari
Cheibriados
Elyvilon
Nemelex Xobeh
Okawaru
Ru
Sif Muna
Xom
The Shining One
Beogh

Shops:
D:4 *(   D:7 %(=%   D:8 [   D:9 ?


Innate Abilities, Weirdness & Mutations

You are resistant to damage.
You can heal yourself by infusing magical energy.
You resist negative energy. (rN+)
You passively map the area around you.
You do not regenerate.


Message History

Trog accepts your kill.
You closely miss the jumping spider. You miss the jumping spider.
You feel sick. The jumping spider pounces on you!
* * * LOW HITPOINT WARNING * * *
The jumping spider bites you but does no damage.
The jumping spider pounces on you!
* * * LOW HITPOINT WARNING * * *
The jumping spider bites you but does no damage.
The wolf spider hits you.
* * * LOW HITPOINT WARNING * * *
The wolf spider bites you but does no damage.
You barely miss the wolf spider.
The wolf spider is lightly wounded.
You closely miss the jumping spider. You slash the jumping spider!
* * * LOW HITPOINT WARNING * * *
You feel sick. The jumping spider pounces on you!
* * * LOW HITPOINT WARNING * * *
The jumping spider bites you but does no damage.
The jumping spider pounces on you!
You die...

###*### #.. ..## #..
...# #.###P.# #....P.#
#......# ##.....P# *###
*#s@s##..# ##PP##
#.†s##..##### #P....
#..^..#.......###.P...
#.^^.##..##.P.#..P....
#.^...#................
#...^.##................
#.>..##.................
#...# ###.#####.#.......
*, ** *#...............


You could see a wolf spider and 2 jumping spiders.

Vanquished Creatures
  A hydra (Lair:1)
  A dancing weapon (Volcano)
  3 two-headed ogres
  The ghost of mumawa the Carver, a novice MiBe of Trog (Bailey)
  Nergalle (Lair:1)
  5 wizards (Volcano)
  2 orc knights (Bailey)
  Pikel (D:7)
  2 ugly things (D:11)
  An orc sorcerer (Bailey)
  A manticore (D:11)
  4 elephants (Lair:1)
  5 toenail golems (Volcano)
  2 gargoyles (D:10)
  2 spiny frogs (Lair:1)
  A kobold demonologist (Bailey)
  5 blink frogs (Lair:2)
  3 hippogriffs
  A redback (Lair:3)
  A centaur simulacrum (D:10)
  16 yaks
  Sigmund (D:4)
  2 wyverns
  3 fire bats (Lair:2)
  A hungry ghost (D:8)
  Menkaure (D:7)
  4 wargs (D:10)
  4 swamp worms (Lair:2)
  A water moccasin (Lair:2)
  An acid dragon (D:11)
  Duvessa (D:7)
  3 porcupines
  A slave (D:7)
  Purgy (Sewer)
  4 ice beasts
  16 orc warriors
  A hornet zombie (D:9)
  2 sky beasts
  A black bear (D:8)
  A phantom (D:5)
  2 necrophages
  7 ogres
  4 centaurs
  3 crocodiles
  A big kobold (D:9)
  5 bullfrogs
  Dowan (D:7)
  3 scorpions
  A jelly (D:6)
  8 killer bees
  12 wights
  4 howler monkeys
  3 electric eels
  2 bullfrog zombies
  A quasit (D:10)
  4 bullfrog skeletons
  A centaur skeleton (D:6)
  A centaur zombie (D:9)
  8 orc priests
  Crazy Yiuf (D:7)
  16 hounds
  Ijyb (D:4)
  Terence (D:3)
  26 orc wizards
  6 worker ants
  Robin (D:3)
  8 gnolls
  16 adders
  A shadow imp (D:10)
  3 white imps (D:10)
  A worker ant simulacrum (D:10)
  2 oozes
  An adder zombie (D:8)
  2 adder skeletons
  15 worms
  3 dart slugs
  4 leopard geckos
  61 orcs
  5 ball pythons
  14 bats
  2 giant cockroaches
  32 goblins
  25 hobgoblins
  13 jackals
  4 quokkas (D:2)
  8 frilled lizards
  A jackal skeleton (D:5)
  15 kobolds
  A quokka zombie (D:7)
  7 rats
  2 plants (Lair:2)
477 creatures vanquished.

Vanquished Creatures (collateral kills)
  A hydra (D:10)
  A sky beast (D:10)
2 creatures vanquished.

Vanquished Creatures (others)
  An orc (D:7)
  A plant (Lair:2)
2 creatures vanquished.

Grand Total: 481 creatures vanquished

Notes
Turn   | Place    | Note
-------+----------+-------------------------------------------
     0 | D:1      | renl the Deep Dwarf Berserker began the quest for the Orb.
     0 | D:1      | Reached XP level 1. HP: 20/20 MP: 1/1
   164 | D:1      | Reached XP level 2. HP: 22/27 MP: 2/2
   668 | D:2      | Reached skill level 4 in Axes
   668 | D:2      | Reached XP level 3. HP: 16/34 MP: 3/3
   680 | D:2      | Reached ** piety under Trog
  1175 | D:2      | Reached XP level 4. HP: 38/42 MP: 4/4
  1487 | D:3      | Noticed Terence
  1498 | D:3      | Killed Terence
  1498 | D:3      | Reached skill level 5 in Axes
  1663 | D:3      | Reached XP level 5. HP: 47/49 MP: 5/5
  1847 | D:3      | Noticed Robin
  1865 | D:3      | Killed Robin
  2140 | D:4      | Noticed an ogre
  2145 | D:4      | Killed an ogre
  2145 | D:4      | Reached skill level 6 in Axes
  2145 | D:4      | Reached XP level 6. HP: 56/56 MP: 6/6
  2263 | D:4      | Found Zuhirghu's Weapon Emporium.
  2298 | D:4      | Noticed Ijyb
  2302 | D:4      | Killed Ijyb
  2419 | D:4      | Noticed Sigmund
  2427 | D:4      | Killed Sigmund
  2433 | D:4      | Reached skill level 7 in Axes
  2433 | D:4      | Reached XP level 7. HP: 47/63 MP: 7/7
  2479 | D:4      | Reached *** piety under Trog
  2498 | D:4      | Found a shattered altar of Ashenzari.
  2661 | D:4      | Found Vafamih's General Store.
  2994 | D:5      | Entered Level 5 of the Dungeon
  3048 | D:5      | Found a glowing drain.
  3079 | Sewer    | Entered a sewer
  3104 | Sewer    | Noticed Purgy
  3119 | Sewer    | Killed Purgy
  3119 | Sewer    | Reached skill level 8 in Axes
  3319 | D:5      | Reached XP level 8. HP: 58/72 MP: 8/8
  3455 | D:5      | Reached skill level 9 in Axes
  3492 | D:5      | Reached skill level 5 in Armour
  3847 | D:5      | Reached **** piety under Trog
  4007 | D:6      | Got a steaming war axe
  4009 | D:6      | Identified the +7 war axe of the Saviour {chop, rPois rN+ Int+3 Dex-4} (You found it on level 6 of the Dungeon)
  4099 | D:6      | Found a staircase to the Ecumenical Temple.
  4186 | D:6      | Found a shimmering altar of Xom.
  4192 | D:6      | Reached skill level 10 in Axes
  4620 | D:6      | Gained mutation: You passively map the area around you. [Deep Dwarf growth]
  4620 | D:6      | Reached XP level 9. HP: 78/79 MP: 9/9
  4624 | D:6      | Reached skill level 11 in Axes
  4743 | D:7      | Noticed Duvessa
  4769 | D:7      | Noticed Dowan
  4776 | D:7      | Killed Duvessa
  4776 | D:7      | Killed Dowan
  4832 | D:7      | Found a runed door.
  4836 | D:7      | Noticed Crazy Yiuf
  4839 | D:7      | Killed Crazy Yiuf
  4918 | D:7      | Found Hiaty's Food Shop.
  4919 | D:7      | Found an iron altar of Okawaru.
  4989 | D:7      | Found a snail-covered altar of Cheibriados.
  5028 | D:7      | Found Hurree Coyk's Food Emporium.
  5030 | D:7      | Noticed Pikel
  5037 | D:7      | Killed Pikel
  5037 | D:7      | Reached skill level 5 in Fighting
  5037 | D:7      | Reached skill level 12 in Axes
  5051 | D:7      | Found Irghiw Tino's Jewellery Boutique.
  5053 | D:7      | Noticed Menkaure
  5070 | D:7      | Killed Menkaure
  5070 | D:7      | Reached skill level 1 in Shields
  5087 | D:7      | Found Kyorac's Weapon Shop.
  5298 | D:8      | Found a flagged portal.
  5317 | Bailey   | Entered a bailey
  5325 | Bailey   | Noticed mumawa's ghost (novice MiBe)
  5346 | Bailey   | Killed mumawa's ghost
  5346 | Bailey   | Reached XP level 10. HP: 88/88 MP: 10/10
  5401 | Bailey   | Reached skill level 13 in Axes
  5417 | Bailey   | Found an iron altar of Okawaru.
  5417 | Bailey   | Noticed an orc sorcerer
  5421 | Bailey   | Noticed a rust devil
  5422 | Bailey   | Noticed a rust devil
  5425 | Bailey   | Noticed a rust devil
  5431 | Bailey   | Killed an orc sorcerer
  5523 | Bailey   | Reached ***** piety under Trog
  5717 | Bailey   | Noticed an orc knight
  5734 | Bailey   | Killed an orc knight
  5734 | Bailey   | Reached skill level 14 in Axes
  5854 | Bailey   | Noticed an orc knight
  5861 | Bailey   | Killed an orc knight
  5973 | D:8      | Noticed a two-headed ogre
  5979 | D:8      | Killed a two-headed ogre
  6019 | D:8      | Noticed a two-headed ogre
  6030 | D:8      | Killed a two-headed ogre
  6030 | D:8      | Reached XP level 11. HP: 82/97 MP: 11/11
  6052 | D:8      | Got a pair of steaming gloves
  6058 | D:8      | Identified the -5 pair of gloves of Wisdom {-Tele MR+ MP+9 Int+4} (You acquired it on level 8 of the Dungeon)
  6077 | D:8      | Reached skill level 15 in Axes
  6116 | D:8      | Found Plog's Armour Boutique.
  6400 | D:8      | Found a deep blue altar of Sif Muna.
  6550 | D:9      | Found a glowing golden altar of the Shining One.
  6578 | D:9      | Found a sparkling altar of Nemelex Xobeh.
  6578 | D:9      | Found a sacrificial altar of Ru.
  6578 | D:9      | Found a white marble altar of Elyvilon.
  6626 | D:9      | Found Rinnataq's Magic Scroll Shoppe.
  6811 | D:9      | Found a staircase to the Lair.
  7176 | D:9      | Found a glowing golden altar of the Shining One.
  7193 | D:10     | Entered Level 10 of the Dungeon
  7434 | D:10     | Noticed a two-headed ogre
  7443 | D:10     | Killed a two-headed ogre
  7606 | D:10     | Reached skill level 16 in Axes
  7908 | D:10     | Noticed a six-headed hydra
  7940 | D:10     | Killed a six-headed hydra
  8209 | D:10     | Received a gift from Trog
  8397 | D:11     | Noticed a brown ugly thing
  8406 | D:11     | Killed a brown ugly thing
  8406 | D:11     | Reached XP level 12. HP: 108/108 MP: 12/12
  8641 | D:11     | Found a staircase to the Orcish Mines.
  8649 | D:11     | Found a roughly hewn altar of Beogh.
  8780 | Lair:1   | Entered Level 1 of the Lair of Beasts
  9063 | Lair:1   | Reached skill level 17 in Axes
  9218 | Lair:1   | Noticed Nergalle
  9221 | Lair:1   | Noticed a four-headed hydra
  9235 | Lair:1   | Killed a ten-headed hydra
  9237 | Lair:1   | Killed Nergalle
  9597 | Lair:2   | Found a dark tunnel.
  9611 | Volcano  | Entered a volcano
  9778 | Volcano  | Reached skill level 10 in Armour
  9868 | Volcano  | Reached skill level 18 in Axes
  9868 | Volcano  | Reached skill level 5 in Dodging
  9868 | Volcano  | Reached XP level 13. HP: 53/120 MP: 12/15
  9929 | Volcano  | Gained mutation: You resist negative energy. (rN+) [Deep Dwarf growth]
  9929 | Volcano  | Reached XP level 14. HP: 65/128 MP: 16/16
 10343 | Lair:2   | HP: 5/128 [swamp worm (11)]
 10864 | Lair:3   | Found a hole to the Spider Nest.
 10872 | Lair:3   | HP: 3/192 [jumping spider (14)]
 10872 | Lair:3   | Slain by a jumping spider

Skill      XL: |  1  2  3  4  5  6  7  8  9 10 11 12 |
---------------+-------------------------------------+-----
Fighting       | 3 4 5 7 9 |  9.2
Axes           | 4 5 6 7 8 10 12 14 16 18 | 18.4
Armour         | 3 4 5 6 7 8 10 | 10.7
Dodging        | 3 4 5 |  5.0
Shields        | 2 3 4 |  4.9
Evocations     | 3 |  3.2

Action                   |  1- 3 |  4- 6 |  7- 9 | 10-12 | 13-15 || total
-------------------------+-------+-------+-------+-------+-------++-------
Melee: Hand axe          |   122 |   180 |   197 |       |       ||   499
       War axe           |       |       |   145 |   496 |    83 ||   724
Invok: Berserk           |     1 |     5 |    14 |    27 |     4 ||    51
       Trog's Hand       |     2 |     4 |     9 |    27 |     7 ||    49
       Brothers in Arms  |       |       |       |     1 |       ||     1
Evoke: Wand              |       |       |       |     1 |       ||     1
  Use: Scroll            |       |       |    15 |    14 |       ||    29
       Potion            |       |       |     1 |     1 |       ||     2
 Stab: Sleeping          |     1 |       |       |       |       ||     1
  Eat: Chunk             |     3 |     9 |    26 |    47 |     8 ||    93
       Bread ration      |       |       |       |     1 |       ||     1
Armor: Animal skin       |    21 |       |       |       |       ||    21
       Ring mail         |    21 |    42 |       |       |       ||    63
       Scale mail        |       |    15 |    83 |       |       ||    98
       Chain mail        |       |       |    45 |     3 |    27 ||    75
       Skin              |       |       |     6 |       |       ||     6
       Plate armour      |       |       |       |   197 |       ||   197
Dodge: Dodged            |    87 |    86 |   151 |   111 |    31 ||   466
Block: Buckler           |       |       |    17 |    94 |       ||   111
